 Dungeon Sprint DCSS version 0.20-a0-1122-gb7cbeb9 (webtiles) character file.

855 potatolord6000 the Nimble (level 8, -1/63 HPs)
             Began as an Octopode Fighter on May 12, 2017.
             Was an Initiate of Gozag.
             Slain by a five-headed hydra (11 damage)
             ... in the Dungeon (Sprint IX: "|||||||||||||||||||||||||||||").
             The game lasted 00:02:29 (294 turns).

potatolord6000 the Nimble (Octopode Fighter)         Turns: 294, Time: 00:02:31

Health: -1/63      AC:  1    Str: 19    XL:     8   Next: 1%
Magic:  8/8        EV: 19    Int: 11    God:    Gozag
Gold:   450        SH: 11    Dex: 12    Spells: 7/7 levels left

rFire    . . .     SeeInvis .   n - +2 scimitar (flame)
rCold    . . .     Gourm    .   b - +0 shield
rNeg     . . .     Faith    .   (helmet restricted)
rPois    .         Spirit   .   (no amulet)
rElec    .         Reflect  .   a - +3 ring of strength
rCorr    .         Harm     .   m - +2 ring of evasion
MR       .....     NoTele   +   (no ring)
Stlth    ++........             (no ring)
Regen    0.2/turn               (no ring)
MPRegen  0.2/turn               (no ring)
                                (no ring)
                                (no ring)

@: gold aura, very slightly contaminated, invisible
A: almost no armour, stealthy swim, amphibious, 8 rings, constrict 8, camouflage
1, gelatinous body 1
a: Potion Petition, Call Merchant, Bribe Branch, Renounce Religion


You were in the Dungeon.
You worshipped Gozag.
Gozag was aware of your devotion.
You were not hungry.

You visited 1 branch You collected 450 gold pieces.

Inventory:

Hand Weapons
 n - a +2 scimitar of flaming (weapon)
Armour
 b - a +0 shield (worn)
Jewellery
 a - a +3 ring of strength (left tentacle)
 m - a +2 ring of evasion (right tentacle)
Scrolls
 j - 2 scrolls of blinking
 k - 3 scrolls of remove curse
 l - 2 scrolls of amnesia
Potions
 e - 5 potions of curing
 h - 4 potions of magic
Comestibles
 d - a bread ration


   Skills:
 + Level 9.0 Fighting
 + Level 8.8 Long Blades
 + Level 9.1 Dodging
 + Level 9.1 Shields


You had 7 spell levels left.
You didn't know any spells.

Dungeon Overview and Level Annotations

Branches:
Dungeon (1/1)

Altars:
Cheibriados
Dithmenos
Elyvilon
Fedhas
Gozag
Hepliaklqana
Kikubaaqudgha
Makhleb
Nemelex Xobeh
Okawaru
Qazlal
Ru
Sif Muna
Trog
Uskayaw
Vehumet
Wu Jian
Xom
Yredelemnul
Zin
The Shining One
Beogh
Jiyva
Lugonu


Innate Abilities, Weirdness & Mutations

You cannot wear most types of armour.
You are very stealthy in the water. (Stealth+)
You are amphibious.
You can wear up to eight rings at the same time.
You can use your tentacles to constrict eight enemies at once.
Your skin changes colour to match your surroundings (Stealth+).
Your rubbery body absorbs attacks. (AC +1, EV +1)


Message History

* * * LOW HITPOINT WARNING * * *
The six-headed hydra bites you.
* * * LOW HITPOINT WARNING * * *
The six-headed hydra bites you.
* * * LOW HITPOINT WARNING * * *
You fade into invisibility!
You block the six-headed hydra's attack.
The six-headed hydra misses you.
You block the six-headed hydra's attack.
The six-headed hydra completely misses you.
The six-headed hydra barely misses you. The six-headed hydra bites you.
* * * LOW HITPOINT WARNING * * *
You are very lightly contaminated with residual magic.
You hack one of the six-headed hydra's heads off!
The flame cauterises the wound!
You slash the five-headed hydra! You burn the five-headed hydra.
The five-headed hydra is moderately wounded.
The five-headed hydra bites you!
You die...
Your body crumbles into a pile of gold.

▓.▓
▓'▓
$
▓.▓
$
▓)▓
$
▓.▓
$
▓.▓
$
▓.▓
$
▓.▓
$
▓@▓
▓D▓
▓J▓
▓{▓
▓T▓
▓Y▓
▓.▓
▓+▓


You could see a five-headed hydra, a yak, a troll and a jelly.

Vanquished Creatures
  A gargoyle (D)
  A wyvern (D)
  A wraith (D)
  A centaur (D)
  A bullfrog (D)
  An orc wizard (D)
  3 iguanas (D)
  An adder (D)
  An orc (D)
  A bat (D)
  A hobgoblin (D)
  A ball python zombie (D)
  A frilled lizard (D)
  2 kobolds (D)
17 creatures vanquished.

Notes
Turn   | Place    | Note
-------+----------+-------------------------------------------
     0 | D        | potatolord6000 the Octopode Fighter began the quest for the Orb.
     0 | D        | Reached XP level 1. HP: 16/16 MP: 1/1
    17 | D        | Noticed an iguana
    17 | D        | Noticed an iguana
    17 | D        | Noticed a centaur
    21 | D        | Killed an iguana
    21 | D        | Reached XP level 2. HP: 22/22 MP: 2/2
    21 | D        | Reached XP level 3. HP: 27/27 MP: 3/3
    27 | D        | Reached XP level 4. HP: 20/34 MP: 4/4
    33 | D        | Killed a centaur
    33 | D        | Reached skill level 5 in Fighting
    33 | D        | Reached skill level 5 in Long Blades
    33 | D        | Reached skill level 5 in Dodging
    33 | D        | Reached XP level 5. HP: 38/41 MP: 5/5
    37 | D        | Found a roughly hewn altar of Beogh.
    37 | D        | Found a snail-covered altar of Cheibriados.
    37 | D        | Found a shadowy altar of Dithmenos.
    37 | D        | Found a white marble altar of Elyvilon.
    37 | D        | Found a blossoming altar of Fedhas.
    37 | D        | Found an opulent altar of Gozag.
    38 | D        | Found a hazy altar of Hepliaklqana.
    39 | D        | Found a viscous altar of Jiyva.
    40 | D        | Found an ancient bone altar of Kikubaaqudgha.
    41 | D        | Found a corrupted altar of Lugonu.
    42 | D        | Found a burning altar of Makhleb.
    43 | D        | Found a sparkling altar of Nemelex Xobeh.
    44 | D        | Found an iron altar of Okawaru.
    45 | D        | Became a worshipper of Gozag Ym Sagoz the Greedy
    46 | D        | Found a stormy altar of Qazlal.
    47 | D        | Found a sacrificial altar of Ru.
    48 | D        | Found a deep blue altar of Sif Muna.
    49 | D        | Found a bloodstained altar of Trog.
    50 | D        | Found a hide-covered altar of Uskayaw.
    51 | D        | Found a radiant altar of Vehumet.
    52 | D        | Found an ornate altar of the Wu Jian Council.
    53 | D        | Found a shimmering altar of Xom.
    54 | D        | Found a basalt altar of Yredelemnul.
    55 | D        | Found a glowing silver altar of Zin.
    56 | D        | Found a glowing golden altar of the Shining One.
    86 | D        | Noticed a wraith
    86 | D        | Noticed a gargoyle
    86 | D        | Noticed a wyvern
    99 | D        | Killed a wraith
    99 | D        | Reached XP level 6. HP: 28/49 MP: 6/6
   105 | D        | Killed a gargoyle
   105 | D        | Reached XP level 7. HP: 34/56 MP: 7/7
   110 | D        | Killed a wyvern
   110 | D        | Reached XP level 8. HP: 27/63 MP: 8/8
   287 | D        | Noticed a seven-headed hydra
   287 | D        | Noticed a troll
   287 | D        | Noticed a yak
   294 | D        | Slain by a five-headed hydra

Vault maps used:
D:        linesprint

Skill      XL: |  1  2  3  4  5  6  7 |
---------------+----------------------+-----
Fighting       | 4 5 7 8 9 |  9.0
Long Blades    | 3 4 5 6 8 |  8.8
Dodging        | 4 5 7 8 9 |  9.1
Shields        | 4 6 7 8 9 |  9.1

Action                   |  1- 3 |  4- 6 |  7- 9 || total
-------------------------+-------+-------+-------++-------
Melee: Long sword        |    14 |     4 |       ||    18
       Constrict         |     3 |     3 |     2 ||     8
       Tentacles         |     3 |     1 |     2 ||     6
       Scimitar          |       |    14 |     8 ||    22
  Use: Potion            |     1 |     4 |     2 ||     7
 Stab: Sleeping          |     1 |       |       ||     1
Armor: Skin              |     1 |       |       ||     1
Dodge: Dodged            |     5 |    14 |     9 ||    28
Block: Shield            |    10 |     8 |    11 ||    29
       Rpst.: Long sword |     2 |       |       ||     2
       Scimitar          |       |     4 |       ||     4
